 Dungeon Crawl Stone Soup version 0.29-a0-352-g0917bc69df (webtiles) character file.

Game seed: 7456401442161398580

19594 Dauddaud the Severer (level 12, -1/136 HPs)
             Began as a Minotaur Berserker on Apr 23, 2022.
             Was a Priest of Trog.
             Slain by Snorg (15 damage)
             ... on level 11 of the Dungeon.
             The game lasted 00:23:54 (15514 turns).

Dauddaud the Severer (Minotaur Berserker)          Turns: 15514, Time: 00:23:55

Health: -1/136     AC: 16    Str: 28    XL:     12   Next: 37%
Magic:  11/11      EV:  8    Int:  4    God:    Trog [***...]
Gold:   859        SH:  5    Dex: 11    Spells: 11/11 levels left

rFire   + . .      SeeInvis .   O - +0 battleaxe
rCold   x . .      Faith    .   (shield currently unavailable)
rNeg    . . .      Spirit   .   G - +0 plate armour
rPois   .          Reflect  +   j - +2 hat
rElec   .          Harm     .   M - +0 cloak
rCorr   .          Rampage  .   z - +0 pair of gloves
Will    ++...                   H - +0 pair of boots
Stlth   ..........              K - amulet of reflection
HPRegen 1.32/turn               i - +4 ring of slaying
MPRegen 0.12/turn               F - ring "Ezxixuq" {Fire *Slow Fly Str+2 Stlth+}

@: berserking, strong-willed, flying, regenerating, slowed
A: horns 2, retaliatory headbutt
a: Renounce Religion, Berserk, Trog's Hand


You were on level 11 of the Dungeon.
You worshipped Trog.
Trog was most pleased with you.
You visited 1 branch of the dungeon, and saw 11 of its levels.

You collected 1011 gold pieces.
You spent 152 gold pieces at shops.

Inventory:

Hand Weapons
 a - a +0 hand axe
 c - a +0 flail
 y - a +0 war axe
 O - a +0 battleaxe (weapon)
Missiles
 r - a throwing net (quivered)
Armour
 b - a +0 animal skin
 j - a +2 hat (worn)
 x - a +0 chain mail
 z - a +0 pair of gloves (worn)
 G - a +0 plate armour (worn)
 H - a +0 pair of boots (worn)
 M - a +0 cloak (worn)
Jewellery
 i - a +4 ring of slaying (left hand)
 F - the ring "Ezxixuq" (right hand) {Fire *Slow Fly Str+2 Stlth+}
   (You acquired it on level 11 of the Dungeon)

   [ring of fire]

   It enhances your fire magic.
   Str:       It affects your strength (+2).
   rF:        It protects you from fire.
   rC:        It makes you vulnerable to cold.
   Fly:       It grants you flight.
   *Slow:     It may slow you when you take damage.
   Stlth:     It makes you more stealthy.
 K - an amulet of reflection (around neck)
 S - a ring of ice
Wands
 m - a wand of polymorph (7)
 t - a wand of paralysis (24)
 u - a wand of acid (14)
 I - a wand of iceblast (7)
 J - a wand of flame (19)
 N - a wand of mindburst (5)
Scrolls
 d - 4 scrolls of magic mapping {unknown}
 f - 3 scrolls of teleportation
 g - 2 scrolls of fog {unknown}
 n - 4 scrolls of noise
 o - 4 scrolls of immolation {unknown}
 q - 3 scrolls of vulnerability
 s - 4 scrolls of amnesia
 C - 3 scrolls of enchant weapon
 L - 3 scrolls of blinking {unknown}
 P - 2 scrolls of holy word
Potions
 e - 3 potions of attraction {unknown}
 h - a potion of mutation {unknown}
 k - 10 potions of curing
 l - 2 potions of resistance {unknown}
 p - 2 potions of cancellation {unknown}
 v - 2 potions of magic {unknown}
 w - 4 potions of haste
 A - 2 potions of ambrosia {unknown}
 B - a potion of might {unknown}
 D - 4 potions of heal wounds
 E - 2 potions of degeneration {unknown}
 Q - a potion of lignification {unknown}
 R - a potion of flight {unknown}


   Skills:
 * Level 4.1 Fighting
 - Level 20.0 Axes
 * Level 3.1 Armour
 + Level 2.5 Dodging
 - Level 10.5 Evocations


You had 11 spell levels left.
You didn't know any spells.
Your spell library was empty.

Dungeon Overview and Level Annotations

Branches:
Dungeon (11/15)            Temple (0/1) D:6            Lair (0/6) D:8
    Orc (0/2) D:9

Altars:
Cheibriados
Gozag
Makhleb
Ru
Sif Muna
Beogh

Shops:
D:2 (   D:5 *   D:9 !   D:10 :*=*

Annotations:
D:6 3 runed translucent doors, Perturabo's ghost, novice FoFi
D:11 Snorg


Innate Abilities, Weirdness & Mutations

You have a pair of horns on your head.
You reflexively headbutt those who attack you in melee.


Message History

You kill the orc wizard!
Trog accepts your kill.
Trog appreciates your killing of a magic user.
Things that are here:
a +0 dagger; a +0 robe; an orc corpse Snorg pulls the alarm!
The alarm trap emits a blaring wail!
A sentinel's mark forms upon you.
You hear a shout! x9
The sentinel's mark upon you fades away.
Your skin crawls.
You feel strong-willed.
You completely miss Snorg. Your headbutt misses Snorg.
Snorg goes berserk!
You slice Snorg!!
Snorg is lightly wounded.
You block Snorg's attack. x2; Snorg claws you!!
A red film seems to cover your vision as you go berserk!
You feel yourself moving faster!
You feel mighty! You block Snorg's attack. Snorg claws you!
Snorg claws you but does no damage.
You slice Snorg!!
Snorg is moderately wounded.
Snorg closely misses you. You furiously retaliate!
You headbutt Snorg!
Snorg claws you! x2; You feel yourself slow down.
You barely miss Snorg.
Snorg is moderately wounded.
Snorg bites you but does no damage. Snorg claws you!
Snorg completely misses you.
You open Snorg like a pillowcase!!! Your headbutt misses Snorg.
Snorg is heavily wounded.
Snorg bites you!
* * * LOW HITPOINT WARNING * * *
Snorg barely misses you. Snorg closely misses you.
You slice Snorg!!
Snorg is severely wounded.
Snorg bites you!
* * * LOW HITPOINT WARNING * * *
Snorg claws you!
* * * LOW HITPOINT WARNING * * *
Snorg claws you!
You die...

..# #..........## ..#
#..........# ..#
#.....###### ..#
#.....# #####..T..#
#.........# #.........#
. +.........########
..####.........T@<....#
....................:.#
......................#
#########.............#
#.###.........# #.#
#...####### #.# #...#
#.# #...# ### #####


You could see Snorg (berserk).

Vanquished Creatures
  2 hydras
  8 two-headed ogres
  A tengu warrior (D:10)
  Amaemon (D:10)
  Lodul (D:10)
  An orc knight (D:10)
  A cyclops (D:11)
  A wolf spider (D:10)
  Maurice (D:8)
  An orange demon (D:10)
  Joseph (D:7)
  An unseen horror (D:10)
  A kobold demonologist (D:10)
  2 komodo dragons
  2 trolls
  A meliai (D:10)
  Prince Ribbit (D:7)
  A hornet (D:10)
  A dream sheep (shapeshifter) (D:10)
  A shadow (D:10)
  Sigmund (D:3)
  14 yaks
  2 wraiths
  2 wyverns
  Grum (D:8)
  A steam dragon (D:7)
  2 water moccasins
  Duvessa (D:7)
  3 orc warriors
  A sky beast (D:8)
  3 black bears
  3 ice beasts
  6 ogres
  2 wolves (D:8)
  2 gnoll sergeants (D:9)
  A kobold brigand (D:8)
  A scorpion (D:5)
  A bullfrog (D:7)
  2 necrophages
  10 wights (D:8)
  Dowan (D:7)
  2 killer bees
  7 howler monkeys
  2 jellies (D:6)
  An iron imp (D:9)
  3 hounds
  3 orc priests
  A gnoll shaman (D:7)
  5 iguanas
  11 orc wizards
  10 gnolls
  9 adders
  A shadow imp (D:7)
  3 white imps
  4 ufetubi
  2 worms
  3 dart slugs
  30 orcs
  5 ball pythons (D:1)
  5 bats
  5 endoplasms
  5 giant cockroaches
  3 hobgoblins
  3 jackals (D:1)
  3 quokkas (D:1)
  2 frilled lizards
  11 goblins
  12 kobolds
  4 rats
245 creatures vanquished.

Vanquished Creatures (collateral kills)
  2 yaks (D:9)
  An orc warrior (D:9)
  An orc priest (D:9)
  2 orcs (D:9)
6 creatures vanquished.

Grand Total: 251 creatures vanquished

Notes
Turn   | Place    | Note
-------+----------+-------------------------------------------
     0 | D:1      | Dauddaud the Minotaur Berserker began the quest for the
                  | Orb.
     0 | D:1      | Reached XP level 1. HP: 19/19 MP: 0/0
   233 | D:1      | Reached skill level 4 in Axes
   246 | D:1      | Reached XP level 2. HP: 20/26 MP: 1/1
   452 | D:1      | Reached ** piety under Trog
   471 | D:1      | Reached skill level 5 in Axes
   657 | D:1      | Reached XP level 3. HP: 29/31 MP: 2/2
   917 | D:1      | You fall into a shaft and drop 1 floor!
  1780 | D:2      | Found Miprur's Weapon Shoppe.
  1880 | D:2      | Found an opulent altar of Gozag.
  1919 | D:2      | Reached XP level 4. HP: 39/39 MP: 3/3
  1922 | D:2      | Reached skill level 6 in Axes
  2131 | D:2      | Found a faded altar of an unknown god.
  2417 | D:3      | Noticed Sigmund
  2433 | D:3      | Killed Sigmund
  2434 | D:3      | Reached skill level 7 in Axes
  2434 | D:3      | Reached XP level 5. HP: 37/45 MP: 4/4
  2993 | D:3      | Reached skill level 8 in Axes
  3035 | D:3      | Reached *** piety under Trog
  3210 | D:4      | Noticed a water moccasin
  3220 | D:4      | Killed a water moccasin
  3221 | D:4      | Reached XP level 6. HP: 40/51 MP: 5/5
  3561 | D:4      | Reached skill level 9 in Axes
  3853 | D:5      | Entered Level 5 of the Dungeon
  3878 | D:5      | Reached XP level 7. HP: 57/57 MP: 6/6
  3986 | D:5      | Reached skill level 10 in Axes
  4762 | D:5      | Reached skill level 11 in Axes
  4876 | D:5      | Found Qoowadgh's CLEARANCE SALE!.
  4884 | D:5      | Bought a potion of curing for 12 gold pieces
  4936 | D:6      | Reached XP level 8. HP: 63/64 MP: 7/7
  4946 | D:6      | Reached skill level 12 in Axes
  5284 | D:6      | Reached skill level 13 in Axes
  5405 | D:6      | Noticed Perturabo's ghost (novice FoFi)
  5406 | D:6      | Found a runed translucent gate.
  5406 | D:6      | Found a runed translucent gate.
  5406 | D:6      | Found a runed translucent gate.
  5564 | D:6      | Found a burning altar of Makhleb.
  5629 | D:6      | Found a staircase to the Ecumenical Temple.
  5810 | D:7      | Noticed Prince Ribbit
  5817 | D:7      | Killed Prince Ribbit
  5818 | D:7      | Reached skill level 1 in Evocations
  5947 | D:7      | Reached **** piety under Trog
  6097 | D:7      | Noticed Duvessa
  6097 | D:7      | Noticed Dowan
  6103 | D:7      | Killed Duvessa
  6104 | D:7      | Reached skill level 14 in Axes
  6104 | D:7      | Reached XP level 9. HP: 55/70 MP: 8/8
  6110 | D:7      | Killed Dowan
  6573 | D:7      | Noticed Joseph
  6584 | D:7      | Killed Joseph
  6895 | D:7      | Identified a scroll of acquirement
  6917 | D:8      | Noticed a komodo dragon
  6921 | D:7      | Reached skill level 15 in Axes
  6930 | D:8      | Killed a komodo dragon
  7397 | D:8      | Found a sacrificial altar of Ru.
  7599 | D:8      | Noticed Grum
  7604 | D:8      | Reached XP level 10. HP: 70/77 MP: 9/9
  7608 | D:8      | Reached skill level 16 in Axes
  7610 | D:8      | Killed Grum
  7824 | D:8      | Found a staircase to the Lair.
  7825 | D:8      | Noticed Maurice
  7839 | D:8      | Reached skill level 5 in Evocations
  8166 | D:8      | Killed Maurice
  8372 | D:9      | Noticed a two-headed ogre
  8383 | D:9      | Killed a two-headed ogre
  8518 | D:9      | Reached skill level 17 in Axes
  8528 | D:9      | Found a snail-covered altar of Cheibriados.
  8663 | D:9      | Found a staircase to the Orcish Mines.
  8803 | D:9      | Found Fitimoaq's Distillery.
  8806 | D:9      | Bought a potion of heal wounds for 70 gold pieces
  8806 | D:9      | Bought a potion of heal wounds for 70 gold pieces
  9645 | D:10     | Entered Level 10 of the Dungeon
  9669 | D:10     | Noticed a wolf spider
  9673 | D:10     | Noticed an orc knight
  9676 | D:10     | Killed a wolf spider
  9677 | D:10     | Reached skill level 18 in Axes
  9677 | D:10     | Reached XP level 11. HP: 82/82 MP: 10/10
  9687 | D:10     | Noticed a six-headed hydra
  9689 | D:10     | Killed an orc knight
  9942 | D:10     | Found Vonay's Book Shoppe.
 11341 | D:10     | Noticed a two-headed ogre
 11420 | D:9      | Killed a two-headed ogre
 11637 | D:10     | Noticed Amaemon
 11675 | D:10     | Killed Amaemon
 11676 | D:10     | Reached skill level 19 in Axes
 12183 | D:10     | Noticed a two-headed ogre
 12233 | D:10     | Killed a two-headed ogre
 12531 | D:10     | Noticed Lodul
 12538 | D:10     | Noticed a two-headed ogre
 12540 | D:10     | Killed Lodul
 12549 | D:10     | Noticed a two-headed ogre
 12558 | D:9      | Killed a two-headed ogre
 12898 | D:10     | Noticed a two-headed ogre
 12904 | D:9      | Killed a two-headed ogre
 12963 | D:10     | Killed a two-headed ogre
 12964 | D:10     | Reached skill level 20 in Axes
 12964 | D:10     | Reached XP level 12. HP: 84/90 MP: 11/11
 13192 | D:10     | Noticed a two-headed ogre
 13193 | D:10     | Noticed a two-headed ogre
 13502 | D:10     | Killed a two-headed ogre
 13505 | D:10     | Killed a two-headed ogre
 14548 | D:10     | Found Olaett's Jewellery Shoppe.
 14549 | D:10     | Found Byotudumm's Assorted Antiques.
 14638 | D:10     | Killed an eight-headed hydra
 14706 | D:10     | Found Emuj's General Store.
 14726 | D:10     | Found a shimmering blue altar of Sif Muna.
 14761 | D:10     | Noticed a tengu warrior
 14767 | D:10     | Killed a tengu warrior
 14768 | D:10     | Reached skill level 10 in Evocations
 14942 | D:11     | Noticed a five-headed hydra
 14968 | D:11     | Killed a 13-headed hydra
 15338 | D:11     | Acquired the ring "Ezxixuq" {Fire *Slow Fly Str+2 Stlth+}
 15463 | D:11     | Noticed Snorg
 15514 | D:11     | Slain by Snorg

Illustrated notes

Levels and vault maps discovered:
D:1:      nicolae_arrival_washed_ashore, layout_basic
D:2:      layout_basic, serial_shops, shop_fountains,
          nicolae_ecumenical_lake_church, basic_altar
D:3:      layout_loops_ring, chequers_serial_rivers_room_a,
          chequers_serial_rivers_micro_c, uniq_sigmund
D:4:      layout_basic
D:5:      layout_gridville, nicolae_shop_clearance
D:6:      layout_rooms, amcnicky_altar_gilded, minmay_temple_entry_glassed_door,
          gammafunk_ghost_nasty_kobolds
D:7:      layout_cave_pools, uniq_prince_ribbit1, uniq_joseph, uniq_duvessa
D:8:      layout_rooms, mainiacjoe_overflow_surrounded_room, david_lair_generic,
          grunt_ministairs_2, uniq_grum, uniq_maurice
D:9:      wad_crossroads, layout_loops_ring, slow_altar_1,
          minmay_orc_entry_temple_small, serial_shops, kennysheep_mini_moat,
          minmay_tree_intersection
D:10:     minmay_the_grid_4x2 [minmay_the_grid_outer_circle,
          minmay_the_grid_empty, minmay_the_grid_minigrid_medium,
          minmay_the_grid_empty, minmay_the_grid_empty,
          minmay_the_grid_stretched_grid, minmay_the_grid_fan,
          minmay_the_grid_prize_inner_circle], layout_cross,
          lemuel_blue_sif_altar, serial_shops, shop, shop, shop,
          nicolae_diamond_shop, uniq_amaemon, uniq_lodul
D:11:     statuecave_lemuel, layout_irregular_city, grunt_ministairs_14,
          uniq_snorg

Skill      XL: |  1  2  3  4  5  6  7  8  9 10 11 12 |
---------------+-------------------------------------+-----
Axes           | 4 5 7 8 9 11 14 15 18 20 | 20.0
Evocations     | 1 4 6 8 10 | 10.5
Fighting       | 4 |  4.1
Armour         | 3 |  3.1
Dodging        | |  2.5

Action                   |  1- 3 |  4- 6 |  7- 9 | 10-12 || total
-------------------------+-------+-------+-------+-------++-------
Melee: Hand axe          |    95 |    63 |    17 |       ||   175
       Headbutt          |    19 |     6 |    32 |    67 ||   124
       Punch             |     1 |       |       |       ||     1
       War axe           |       |       |   180 |    80 ||   260
       Battleaxe         |       |       |       |   185 ||   185
Invok: Berserk           |       |     1 |     3 |    13 ||    17
       Trog's Hand       |       |       |       |     7 ||     7
       Brothers in Arms  |       |       |       |     1 ||     1
  Use: Potion            |       |     1 |       |       ||     1
       Scroll            |       |       |     5 |     5 ||    10
 Stab: Sleeping          |       |     1 |       |       ||     1
       Distracted        |       |       |       |     1 ||     1
Armor: Animal skin       |    25 |    12 |       |       ||    37
       Chain mail        |       |    10 |    52 |       ||    62
       Plate armour      |       |       |    30 |   185 ||   215
Dodge: Dodged            |    69 |    29 |    66 |    70 ||   234
Block: Other             |       |       |       |    44 ||    44

Table legend: (Time is in decaauts)
 A = Elapsed time spent in this place.
 B = Non-inter-level travel time spent in this place.
 C = Inter-level travel time spent in this place.
 D = Time resting spent in this place.
 E = Time spent auto-exploring this place.
 F = Levels seen in this place.
 G = Mean time per level.
                   A        B        C        D        E       F      G
               +--------+--------+--------+--------+--------+-----+--------+
         Total |  15562 |  15381 |    181 |   7616 |   5913 |  11 | 1414.7 |
       Dungeon |  15562 |  15381 |    181 |   7616 |   5913 |  11 | 1414.7 |
               +--------+--------+--------+--------+--------+-----+--------+

Top non-repeatable levels by time:
     D:9: 3799 daAuts
    D:10: 2914 daAuts
     D:7: 1293 daAuts
     D:2: 1266 daAuts
     D:8: 1185 daAuts
     D:1: 1123 daAuts
     D:5: 1075 daAuts
     D:6: 845 daAuts
     D:3: 791 daAuts
     D:4: 678 daAuts
    D:11: 588 daAuts
